 Dungeon Crawl Stone Soup version 0.30-a0-568-g124715a40b (webtiles) character file.

Game seed: 936058846236628710

396 bmack86 the Chopper (level 6, 0/56 HPs)
             Began as a Minotaur Fighter on Dec 28, 2022.
             Slain by a gnoll sergeant
             ... wielding a +0 trident
              (4 damage)
             ... on level 6 of the Dungeon.
             The game lasted 00:08:39 (2903 turns).

bmack86 the Chopper (Minotaur Fighter)              Turns: 2903, Time: 00:08:40

Health: 0/56       AC: 12    Str: 29    XL:     6   Next: 52%
Magic:  5/5        EV:  9    Int:  8    God:
Gold:   311        SH:  5    Dex:  9    Spells: 5/5 levels left

rFire   x . .      SeeInvis .    a - +0 war axe
rCold   + . .      Faith    .    c - +1 buckler
rNeg    . . .      Spirit   .    w - +1 scale mail of Patterns {rF- Str+6 Int+3}
rPois   .          Reflect  .    (helmet restricted)
rElec   .          Harm     .    (no cloak)
rCorr   .          Rampage  .    u - +0 pair of gloves
Will    .....                    f - +2 pair of boots Stlth
                                 (no amulet)
HPRegen 0.29/turn                k - ring of protection from cold
MPRegen 0.09/turn                (no ring)

@: no status effects
A: horns 2, retaliatory headbutt
a: no special abilities


You were on level 6 of the Dungeon.
You visited 1 branch of the dungeon, and saw 6 of its levels.

You collected 311 gold pieces.

Inventory:

Hand Weapons
 a - a +0 war axe (weapon)
Missiles
 x - 6 poisoned darts (quivered)
Armour
 b - a +0 scale mail
 c - a +1 buckler (worn)
 f - a +2 pair of boots (worn)
 u - a +0 pair of gloves (worn)
 w - the +1 scale mail of Patterns (worn) {rF- Str+6 Int+3}
   (You found it on level 4 of the Dungeon)

   Str:       It affects your strength (+6).
   Int:       It affects your intelligence (+3).
   rF:        It makes you vulnerable to fire.
Jewellery
 k - a ring of protection from cold (left hand)
 m - an amulet of faith
Wands
 n - a wand of roots (9)
Scrolls
 e - a scroll of teleportation
 o - a scroll of fog {unknown}
 r - a scroll of poison {unknown}
 s - a scroll of magic mapping {unknown}
 t - a scroll of fear {unknown}
 y - a scroll of identify
Potions
 d - a potion of might
 g - 2 potions of berserk rage
 h - a potion of resistance {unknown}
 i - a potion of mutation {unknown}
 j - 4 potions of curing
 l - a potion of magic {unknown}
 p - a potion of lignification {unknown}
 q - 2 potions of invisibility {unknown}
 v - a potion of flight {unknown}


   Skills:
 + Level 5.1 Fighting
 * Level 5.5 Axes
 + Level 5.1 Armour
 + Level 5.1 Shields


You had 5 spell levels left.
You didn't know any spells.
Your spell library contained the following spells:

 Spells                   Type           Power      Damage    Failure   Level
 Foxfire                  Conj/Fire      0%         2x1d4     75%         1
 Blink                    Tloc           0%         N/A       86%         2
 Ensorcelled Hibernation  Hex/Ice        0%         N/A       86%         2
 Passwall                 Tmut/Erth      0%         N/A       86%         2
 Spider Form              Tmut/Pois      0%         N/A       98%         3
 Swiftness                Air            0%         N/A       98%         3
 Anguish                  Hex/Necr       0%         N/A       100%        4
 Manifold Assault         Tloc           0%         N/A       100%        4
 Fireball                 Conj/Fire      0%         3d3       100%        5
 Starburst                Conj/Fire      0%         6d3       100%        6
 Storm Form               Tmut/Air       0%         N/A       100%        7


Dungeon Overview and Level Annotations

Branches:
Dungeon (7/15)
 Temple: D:4-7

Altars:


Innate Abilities, Weirdness & Mutations

You have a pair of horns on your head.
You reflexively headbutt those who attack you in melee.


Message History

A gnoll comes into view. It is wielding a +0 halberd.
The gnoll shouts!
The gnoll misses you. The gnoll sergeant closely misses you.
Things that are here:
a +0 spear; a gnoll corpse You barely miss the gnoll.
The gnoll is lightly wounded.
You block the gnoll sergeant's attack. The gnoll barely misses you.
The gnoll sergeant hits you but does no damage.
You barely miss the gnoll sergeant.
The hound barks!
Your headbutt misses the gnoll sergeant.
You barely miss the gnoll. The gnoll closely misses you.
The gnoll sergeant closely misses you.
You closely miss the gnoll sergeant. You slash the gnoll!
The gnoll barely misses you. You block the gnoll sergeant's attack.
You closely miss the gnoll sergeant.
Your headbutt misses the gnoll sergeant.
You hit the gnoll.
You kill the gnoll!
The gnoll sergeant hits you with a +0 trident! x2
The ogre hits you with a +0 giant spiked club!
You hit the gnoll sergeant but do no damage.
You headbutt the gnoll sergeant.
The gnoll sergeant is lightly wounded.
You hit the ogre. The hound bites you but does no damage.
The gnoll sergeant hits you but does no damage.
The ogre hits you with a +0 giant spiked club!
* * * LOW HITPOINT WARNING * * *
You hear a shout!
You barely miss the gnoll sergeant. You headbutt the gnoll sergeant!
The gnoll sergeant is heavily wounded.
You slash the ogre! You hit the hound. The hound bites you.
* * * LOW HITPOINT WARNING * * *
The hound barely misses you. You furiously retaliate!
You headbutt the hound, but do no damage.
A gnoll comes into view. It is wielding a +0 whip.
The gnoll sergeant hits you with a +0 trident.
You die... ### #gg

#g# #g#########
#####@#.......#
#...)hO>#
#.###.#.#
#..... .##.##.#
#. #.# .. #.
.h. .. .. ...#
# .. ...#


You could see an ogre, a gnoll sergeant, a hound and 3 gnolls.

Vanquished Creatures
  Grinder (D:3)
  2 hounds
  2 gnolls (D:6)
  6 adders
  3 worms (D:3)
  3 dart slugs
  11 endoplasms
  A giant cockroach (D:4)
  5 hobgoblins
  12 kobolds
  A quokka (D:3)
  6 ball pythons
  5 bats
  2 frilled lizards (D:2)
  3 goblins
  7 rats
70 creatures vanquished.

Notes
Turn   | Place    | Note
-------+----------+-------------------------------------------
     0 | D:1      | bmack86 the Minotaur Fighter began the quest for the Orb.
     0 | D:1      | Reached XP level 1. HP: 19/19 MP: 0/0
   218 | D:1      | Reached XP level 2. HP: 27/27 MP: 1/1
   555 | D:1      | Reached XP level 3. HP: 33/33 MP: 2/2
   624 | D:1      | Found a faded altar of an unknown god.
  1813 | D:3      | Reached XP level 4. HP: 40/40 MP: 3/3
  1966 | D:3      | Noticed Grinder
  1981 | D:3      | Killed Grinder
  1982 | D:3      | Reached skill level 5 in Axes
  1982 | D:3      | Reached XP level 5. HP: 25/47 MP: 4/4
  2156 | D:3      | Reached XP level 6. HP: 52/55 MP: 5/5
  2633 | D:4      | Reached skill level 5 in Fighting
  2674 | D:4      | Identified the +1 scale mail of Patterns {rF- Str+6 Int+3}
  2773 | D:4      | Reached skill level 5 in Armour
  2773 | D:4      | Reached skill level 5 in Shields
  2873 | D:4      | You fall into a shaft and drop 3 floors!
  2903 | D:6      | Slain by a gnoll sergeant

Illustrated notes

Levels and vault maps discovered:
D:1:      beargit_arrival_greenhouse, layout_basic,
          ebering_ecumenical_altar_box, hangedman_abyss_or_decor_stabs,
          chequers_jeans
D:2:      layout_basic
D:3:      minmay_general_purpose_star, layout_basic, kennysheep_generic_room_2,
          uniq_grinder
D:4:      nicolae_BIG_FREAKIN_CUBE, layout_rooms
D:6:      layout_loops_cross, minmay_temple_entry_glass
D:7:      nzn_winding_woodlands_cross
          [nzn_winding_woodlands_5x15_river_crossing,
          nzn_winding_woodlands_5x15_pathside_ponds,
          nzn_winding_woodlands_5x15_cabin, nzn_winding_woodlands_5x15_crooked,
          nzn_winding_woodlands_15x15_thick_spiral], layout_basic,
          dancing_weapons_uskayaw, lemuel_coloured_pillars_altar, abandoned_shop

Skill      XL: |  1  2  3  4  5  6 |
---------------+-------------------+-----
Axes           | 3 5 |  5.5
Fighting       | 4 5 |  5.1
Shields        | 4 5 |  5.1
Armour         | 4 5 |  5.1

Action                   |  1- 3 |  4- 6 || total
-------------------------+-------+-------++-------
Melee: War axe           |    74 |    64 ||   138
       Headbutt          |     5 |    12 ||    17
  Use: Scroll            |     5 |     1 ||     6
Armor: Scale mail        |    45 |    26 ||    71
Dodge: Dodged            |    36 |    32 ||    68
Block: Buckler           |    15 |    13 ||    28

Table legend: (Time is in decaauts)
 A = Elapsed time spent in this place.
 B = Non-inter-level travel time spent in this place.
 C = Inter-level travel time spent in this place.
 D = Time resting spent in this place.
 E = Time spent auto-exploring this place.
 F = Levels seen in this place.
 G = Mean time per level.
                   A        B        C        D        E       F      G
               +--------+--------+--------+--------+--------+-----+--------+
         Total |   2948 |   2928 |     20 |      0 |   2008 |   6 |  491.3 |
       Dungeon |   2948 |   2928 |     20 |      0 |   2008 |   6 |  491.3 |
               +--------+--------+--------+--------+--------+-----+--------+

Top non-repeatable levels by time:
     D:3: 1023 daAuts
     D:1: 1023 daAuts
     D:2: 578 daAuts
     D:4: 292 daAuts
     D:7: 16 daAuts
     D:6: 15 daAuts
